 Dungeon Crawl Stone Soup version 0.29-a0-330-g52719c12eb (webtiles) character file.

Game seed: 1368378632018623406

37 kae the Firebug (level 3, -5/24 (26) HPs)
             Began as a Demigod Fire Elementalist on Apr 28, 2022.
             Slain by a gnoll
             ... wielding a +2 flail of draining
              (11 damage)
             ... on level 2 of the Dungeon.
             The game lasted 00:00:39 (1874 turns).

kae the Firebug (Demigod Fire Elementalist)         Turns: 1874, Time: 00:00:40

HP:   -5/24 (26)    AC:  2    Str:  9    XL:     3   Next: 8%
MP:   9/9           EV: 12    Int: 21    God:
Gold: 131           SH:  0    Dex: 14    Spells: 0/6 levels left

rFire   . . .      SeeInvis .   h - +1 war axe (venom)
rCold   . . .      Faith    .   (no shield)
rNeg    . . .      Spirit   .   a - +0 robe
rPois   .          Reflect  .   (no helmet)
rElec   .          Harm     .   (no cloak)
rCorr   .          Rampage  .   (no gloves)
Will    .....                   (no boots)
Stlth   ++........              (no amulet)
HPRegen 0.08/turn               (no ring)
MPRegen 0.11/turn               (no ring)

@: drained
A: high MP 1, forlorn, divine attributes
a: no special abilities


You were on level 2 of the Dungeon.
You visited 1 branch of the dungeon, and saw 2 of its levels.

You collected 131 gold pieces.

Inventory:

Hand Weapons
 h - a +1 war axe of venom (weapon)
Armour
 a - a +0 robe (worn)
Jewellery
 e - a +6 ring of dexterity
 g - a +4 ring of protection
Scrolls
 c - a scroll of teleportation
Potions
 b - a potion of magic
 f - a potion of flight


   Skills:
 - Level 1.7 Dodging
 - Level 1.7 Stealth
 + Level 2.3 Spellcasting
 + Level 1.7 Conjurations
 + Level 3.2 Fire Magic


You couldn't memorise any spells.
You knew the following spells:

 Your Spells              Type           Power      Damage    Failure   Level
a - Foxfire               Conj/Fire      48%        2x1d6     5%          1
b - Scorch                Fire           30%        2d7       6%          2
c - Conjure Flame         Conj/Fire      12%        6-21      16%         3

Your spell library contained the following spells:

 Spells                   Type           Power      Damage    Failure   Level
 Inner Flame              Hex/Fire       9%         N/A       22%         3
 Flame Wave               Conj/Fire      12%        2d6       45%         4


Dungeon Overview and Level Annotations

Branches:
Dungeon (2/15)


Innate Abilities, Weirdness & Mutations

You have an increased reservoir of magic. (+10% MP)
You shall have no god before yourself.
Your divine heritage dramatically boosts your attributes as you level up.


Message History

A rat comes into view.
There is an open door here.
The helpless rat fails to defend itself.
You slash the rat!
You kill the rat!
You open the door.
A rat comes into view.
A rat is nearby!
You hit the rat.
You kill the rat!
No target in view!
You open the door.
There is an open door here.
You now have 127 gold pieces (gained 8).
There is an open door here.
You see here a +0 hand axe.
You see here a +0 hand axe.
You now have 131 gold pieces (gained 4).
A gnoll comes into view. It is wielding a +2 flail of draining.
A gnoll comes into view. It is wielding a +0 club.
The gnoll shouts!
You hear a shout!
You hear a bark!
A gnoll and an endoplasm come into view.
The gnoll shouts! x2
The endoplasm quivers.
You hear a bark!
You hear an angry hiss.
You hear a shout!
There are monsters nearby!
A jackal comes into view.
You slash the gnoll!
The gnoll is almost dead.
The gnoll closely misses you.
There are monsters nearby!
You hit the gnoll.
The gnoll is poisoned.
The gnoll is almost dead.
You hit the gnoll.
The gnoll hits you with a +2 flail of draining!
You feel drained. The gnoll hits you with a +0 club!
* * * LOW HITPOINT WARNING * * *
The gnoll misses you.
The gnoll hits you with a +2 flail of draining!
You die...

....⌠... ... #.....
... ##⌠._. ....
#)... ..... #⌠.⌠.
.....# # ##...
....gJ# #. ##....
#..hg## #.##.....
#g@##### #........
#......######......
#####..............
##.#####.......
#..####.#.....
##..(...#.....
##....##.###.
#.##......#.
#.#####)#.#.


You could see 3 gnolls, an endoplasm and a jackal.

Vanquished Creatures
  2 worms (D:2)
  3 bats (D:1)
  2 endoplasms
  2 giant cockroaches
  5 goblins (D:1)
  2 kobolds
  2 quokkas
  A ball python (D:1)
  2 frilled lizards (D:1)
  13 rats
34 creatures vanquished.

Vanquished Creatures (others)
  133 foxfires
133 creatures vanquished.

Grand Total: 167 creatures vanquished

Notes
Turn   | Place    | Note
-------+----------+-------------------------------------------
     0 | D:1      | kae the Demigod Fire Elementalist began the quest for the
                  | Orb.
     0 | D:1      | Reached XP level 1. HP: 14/14 MP: 5/5
    53 | D:1      | Reached skill level 1 in Conjurations
   481 | D:1      | Reached XP level 2. HP: 20/20 MP: 5/7
   657 | D:1      | Reached skill level 3 in Fire Magic
  1737 | D:2      | Reached XP level 3. HP: 26/26 MP: 7/9
  1746 | D:2      | Learned a level 2 spell: Scorch
  1750 | D:2      | Learned a level 3 spell: Conjure Flame
  1874 | D:2      | Slain by a gnoll

Illustrated notes

Levels and vault maps discovered:
D:1:      dpeg_arrival_more_subterranean_lakeside_camping, layout_loops_ring,
          kennysheep_doodads
D:2:      layout_rooms, basic_altar, hellmonk_ecumenical_altar_run_dry,
          minmay_rat_gold_closets

Skill      XL: |  1  2 |
---------------+-------+-----
Conjurations   | 1 |  1.7
Spellcasting   | 2 |  2.3
Fire Magic     | 3 |  3.2
Dodging        | |  1.7
Stealth        | |  1.7

Action                   || total
-------------------------++-------
Melee: War axe           ||     9
 Cast: Foxfire           ||    81
  Use: Scroll            ||     3
 Stab: Sleeping          ||     3
Armor: Robe              ||     3
Dodge: Dodged            ||    10

Table legend: (Time is in decaauts)
 A = Elapsed time spent in this place.
 B = Non-inter-level travel time spent in this place.
 C = Inter-level travel time spent in this place.
 D = Time resting spent in this place.
 E = Time spent auto-exploring this place.
 F = Levels seen in this place.
 G = Mean time per level.
                   A        B        C        D        E       F      G
               +--------+--------+--------+--------+--------+-----+--------+
         Total |   1877 |   1847 |     30 |    145 |   1428 |   2 |  938.5 |
       Dungeon |   1877 |   1847 |     30 |    145 |   1428 |   2 |  938.5 |
               +--------+--------+--------+--------+--------+-----+--------+

Top non-repeatable levels by time:
     D:1: 1240 daAuts
     D:2: 637 daAuts
